 Dungeon Crawl Stone Soup version 0.31.0-11-ge490571c62 (webtiles) character file.

Game seed: 12533153784570773767

2324921 Sergey the Sorcerer (level 25, 227/227 HPs)
             Began as a Black Draconian Alchemist on Feb 4, 2024.
             Was a High Priest of Fedhas.
             Escaped with the Orb
             ... and 5 runes!
             The game lasted 03:37:33 (107318 turns).

Sergey the Sorcerer (Black Draconian Alchemist)   Turns: 107318, Time: 03:37:33

Health: 227/227    AC: 25    Str: 15      XL:     25   Next: 46%
Magic:  54/54      EV: 20    Int: 25 (26) God:    Fedhas [*****.]
Gold:   665        SH: 14    Dex: 16      Spells: 17/68 levels left

rFire   + + +        q - staff of alchemy
rCold   + + .        A - +0 kite shield of the Great Game {rF+ Will+ Str+4 Dex+3}
rNeg    . . .        (body armour unavailable)
rPois   +            S - +0 hat "Heana" {*Corrode rF+ Will+ Dex+4}
rElec   +            h - +2 cloak {rCorr}
rCorr   +            L - +2 pair of gloves
SInv    .            f - +2 pair of boots
Will    +++++        Q - amulet of Jiedghirgh {rC+ Will+ Regen+ Dex-5}
Stlth   +            j - ring "Rotzosab" {rF+ rCorr Dex+3}
HPRegen 1.37/turn    r - +4 ring of protection
MPRegen 0.34/turn

%: corrode self (3%)
@: flying, hasted (expiring), studying 3 skills, very quick
A: breathe lightning, AC +12, unfitting armour, big wings, electricity
resistance, cold-blooded, cold resistance 1, high MP 1, strong-willed 1, weak 1
0: Orb of Zot
}: 5/15 runes: serpentine, barnacled, slimy, silver, abyssal
a: Breathe Lightning, Renounce Religion, Wall of Briars, Grow Ballistomycete,
Overgrow, Grow Oklob


You escaped.
You worshipped Fedhas.
Fedhas was extremely pleased with you.
You visited 11 branches of the dungeon, and saw 53 of its levels.
You visited the Abyss 1 time.
You also visited: Volcano.

You collected 7771 gold pieces.
You spent 7106 gold pieces at shops.

Inventory:

Hand Weapons
 e - the +2 flail of the Stork {holy, rCorr Str+3 SInv}
   (You found it on level 3 of the Lair of Beasts)

   Str+3:     It affects your strength (+3).
   SInv:      It lets you see invisible.
   rCorr:     It protects you from acid and corrosion.
 w - the +8 Vampire's Tooth {megavamp}
   (You found it on level 10 of the Dungeon)
Missiles
 K - 4 curare-tipped darts
 P - 3 throwing nets
 Y - 29 poisoned darts
Armour
 f - a +2 pair of boots (worn)
 h - a +2 cloak of preservation (worn)
 z - a +2 hat of stealth
 A - the +0 kite shield of the Great Game (worn) {rF+ Will+ Str+4 Dex+3}
   (You bought it in a shop on level 4 of the Snake Pit)

   Str+4:     It affects your strength (+4).
   Dex+3:     It affects your dexterity (+3).
   rF+:       It protects you from fire.
   Will+:     It increases your willpower.
 L - a +2 pair of gloves (worn)
 S - the +0 hat "Heana" (worn) {*Corrode rF+ Will+ Dex+4}
   (You found it on level 5 of the Lair of Beasts)

   Dex+4:     It affects your dexterity (+4).
   rF+:       It protects you from fire.
   Will+:     It increases your willpower.
   *Corrode:  It may corrode you when you take damage.
Magical Staves
 q - a staff of alchemy (weapon)
 N - a staff of cold {rC+ !a}
Jewellery
 j - the ring "Rotzosab" (left hand) {rF+ rCorr Dex+3}
   (You bought it in a shop on level 2 of the Snake Pit)

   [ring of resist corrosion]

   Dex+3:     It affects your dexterity (+3).
   rF+:       It protects you from fire.
   rCorr:     It protects you from acid and corrosion.
 r - a +4 ring of protection (right hand)
 t - a ring of protection from cold
 E - a ring of poison resistance
 Q - the amulet of Jiedghirgh (around neck) {rC+ Will+ Regen+ Dex-5}
   (You bought it in a shop on level 1 of the Vaults)

   [amulet of regeneration]

   Dex-5:     It affects your dexterity (-5).
   rC+:       It protects you from cold.
   Will+:     It increases your willpower.
   Regen+:    It increases your rate of health regeneration.
 W - a ring of positive energy
 Z - a +6 ring of intelligence
Wands
 i - a wand of iceblast (12)
 l - a wand of mindburst (21)
 v - a wand of digging (24)
 G - a wand of paralysis (25)
Scrolls
 c - a scroll of amnesia
 g - 2 scrolls of blinking {@r4}
 m - 8 scrolls of fog {@r2}
 n - 19 scrolls of teleportation {@r3}
 o - 6 scrolls of immolation
 s - 2 scrolls of fear
 y - 8 scrolls of vulnerability {!r}
 H - 3 scrolls of enchant armour
 M - 2 scrolls of silence {!r}
Potions
 a - a potion of magic
 b - 10 potions of heal wounds {@q1}
 k - 15 potions of curing {@q2}
 p - 6 potions of resistance
 x - a potion of haste {@q5}
 D - 10 potions of might {@q3}
 F - 4 potions of berserk rage
 I - 4 potions of lignification
 J - 9 potions of brilliance
 O - 5 potions of mutation
 T - 2 potions of cancellation
 U - 2 potions of ambrosia
 V - 8 potions of enlightenment
 X - a potion of invisibility
Miscellaneous
 d - a phantom mirror
 u - a phial of floods
 C - a sack of spiders


   Skills:
 - Level 19.0 Fighting
 - Level 8.0 Short Blades
 - Level 16.2 Dodging
 - Level 3.0 Stealth
 - Level 15.0 Shields
 + Level 22.1 Spellcasting
 - Level 13.0 Conjurations
 - Level 21.0 Summonings
 - Level 8.0 Translocations
 - Level 8.0 Fire Magic
 - Level 1.2 Air Magic
 - Level 6.0 Earth Magic
 - Level 7.0 Alchemy
 - Level 12.0 Invocations
 - Level 12.0 Evocations


You had 17 spell levels left.
You knew the following spells:

 Your Spells              Type           Power      Damage    Failure   Level
a - Bombard               Conj/Erth      33%        9d6       8%          6
b - Monstrous Menagerie   Summ           46%        N/A       1%          7
c - Malign Gateway        Summ/Tloc      39%        N/A       5%          7
d - Summon Horrible Thin  Summ           46%        N/A       3%          8
g - Summon Cactus Giant   Summ           46%        N/A       1%          6
j - Apportation           Tloc           100%       N/A       1%          1
r - Irradiate             Conj/Alch      43%        3d26      1%          5
s - Spellforged Servitor  Conj/Summ      42%        N/A       1%          7
v - Olgreb's Toxic Radia  Alch           76%        N/A       1%          4

Your spell library contained the following spells:

 Spells                   Type           Power      Damage    Failure   Level
 Magic Dart               Conj           100%       1d8       0%          1
 Summon Small Mammal      Summ           100%       N/A       0%          1
 Call Canine Familiar     Summ           93%        N/A       0%          3
 Kiss of Death            Conj/Necr      100%       2d13      1%          1
 Shock                    Conj/Air       100%       1d9       1%          1
 Sting                    Conj/Alch      100%       1d9       1%          1
 Cigotuvi's Dreadful Rot  Necr/Alch/Air  100%       N/A       1%          2
 Mercury Vapours          Alch/Air       100%       N/A       1%          2
 Momentum Strike          Conj/Tloc      100%       3d10      1%          2
 Scorch                   Fire           100%       2d9       1%          2
 Searing Ray              Conj           100%       2d8       1%          2
 Gell's Gravitas          Tloc           61%        N/A       1%          3
 Inner Flame              Hex/Fire       47%        N/A       1%          3
 Mephitic Cloud           Conj/Alch/Air  76%        N/A       1%          3
 Passwall                 Erth           55%        N/A       1%          3
 Summon Ice Beast         Ice/Summ       69%        N/A       1%          3
 Teleport Other           Tloc           61%        N/A       1%          3
 Volatile Blastmotes      Fire/Tloc      100%       2d18      1%          3
 Flame Wave               Conj/Fire      69%        2d16      1%          4
 Fulminant Prism          Conj/Alch      43%        3d19      1%          4
 Ignite Poison            Fire/Alch      78%        N/A       1%          4
 Iskenderun's Mystic Bla  Conj/Tloc      69%        2d14      1%          4
 Leda's Liquefaction      Alch/Erth      37%        N/A       1%          4
 Manifold Assault         Tloc           61%        N/A       1%          4
 Martyr's Knell           Necr/Summ      69%        N/A       1%          4
 Petrify                  Alch/Erth      74%        N/A       1%          4
 Sticky Flame             Fire/Alch      78%        2d12      1%          4
 Summon Blazeheart Golem  Fire/Summ      79%        N/A       1%          4
 Fireball                 Conj/Fire      34%        3d14      1%          5
 Iskenderun's Battlesphe  Conj           75%        2d12      1%          5
 Summon Forest            Summ/Tloc      39%        N/A       1%          5
 Summon Mana Viper        Hex/Summ       69%        N/A       1%          5
 Summon Hydra             Summ           46%        N/A       1%          7
 Necrotise                Necr           100%       1d9       2%          1
 Ensorcelled Hibernation  Hex/Ice        54%        N/A       3%          2
 Jinxbite                 Hex            54%        N/A       3%          2
 Vhi's Electric Charge    Tloc/Air       100%       N/A       3%          4
 Alistair's Intoxication  Alch           50%        N/A       3%          5
 Arcjolt                  Conj/Air       29%        1d39      3%          5
 Swiftness                Air            33%        N/A       4%          3
 Dimensional Bullseye     Hex/Tloc       23%        N/A       4%          4
 Lee's Rapid Deconstruct  Erth           27%        3d15*     6%          5
 Confusing Touch          Hex            27%        N/A       8%          3
 Fugue of the Fallen      Necr           27%        N/A       8%          3
 Ozocubu's Armour         Ice            27%        N/A       8%          3
 Tukima's Dance           Hex            27%        N/A       8%          3
 Vampiric Draining        Necr           27%        2d7       8%          3
 Freezing Cloud           Conj/Ice/Air   25%        6-21      10%         5
 Orb of Destruction       Conj           37%        9d11      10%         7
 Dispersal                Tloc           30%        N/A       14%         6
 Eringya's Noxious Bog    Alch           38%        4d6       22%         6
 Anguish                  Hex/Necr       13%        N/A       24%         4
 Animate Dead             Necr           27%        N/A       24%         4
 Cause Fear               Hex            13%        N/A       24%         4
 Dispel Undead            Necr           27%        3d13      24%         4
 Haunt                    Necr/Summ      34%        N/A       28%         7
 Plasma Beam              Fire/Air       25%        2x1d37    50%         6
 Curse of Agony           Necr           27%        N/A       56%         5
 Metabolic Englaciation   Hex/Ice        13%        N/A       56%         5
 Sculpt Simulacrum        Ice/Alch       30%        N/A       65%         6
 Lehudib's Crystal Spear  Conj/Erth      33%        10d8      97%         8
 Ignition                 Fire           30%        3d10      99%         8
 Enfeeble                 Hex            13%        N/A       100%        7
 Ozocubu's Refrigeration  Ice            13%        4d10      100%        7
 Discord                  Hex            13%        N/A       100%        8
 Infestation              Necr           13%        N/A       100%        8
 Maxwell's Capacitive Co  Air            16%        ∞         100%        8
 Death's Door             Necr           13%        N/A       100%        9


Dungeon Overview and Level Annotations

Branches:
Dungeon (15/15)            Temple (1/1) D:5            Lair (5/5) D:10
 Shoals (4/4) Lair:3        Snake (4/4) Lair:2        Slime (5/5) Lair:5
    Orc (2/2) D:9             Elf (3/3) Orc:2        Vaults (5/5) D:13
  Crypt (0/3) Vaults:2     Depths (4/4) D:15            Zot (5/5) Depths:4
Volcano (visited)

Altars:
Ashenzari
Cheibriados
Dithmenos
Elyvilon
Fedhas
Gozag
Hepliaklqana
Kikubaaqudgha
Makhleb
Nemelex Xobeh
Okawaru
Qazlal
Ru
Sif Muna
Trog
Uskayaw
Vehumet
Wu Jian
Xom
Yredelemnul
Zin
The Shining One

Shops:
D:9 [   Orc:1 ?   Orc:2 ?:?(*   Shoals:2 *   Shoals:3 :   Snake:1 =   Snake:2 *
Snake:3 (?[*   Snake:4 [   Vaults:1 =   Vaults:2 !   Vaults:3 =   Vaults:4 ?

Portals:
Hell: Depths:2 Depths:3 Depths:4
Abyss: Depths:2 Depths:3
Pandemonium: Depths:2
Ziggurat: Depths:1
Trove: Vaults:1 (give 7 scrolls of fear)

Annotations:
D:2 !natasha
D:11 exclusion: downstairs
D:12 exclusion: 2 downstairs
Lair:2 exclusion: downstairs
Lair:4 exclusion: 2 downstairs
Lair:5 2 transporters
Snake:1 exclusion: downstairs, Roxanne
Slime:4 exclusion: 2 downstairs
Slime:5 Royal Jelly
Elf:2 3 runed translucent doors, 1 exclusion
Elf:3 3 runed translucent doors, Armakuni's ghost, adept DEMo
Vaults:1 3 runed translucent doors, Getoffmy's ghost, veteran GrFi
Depths:1 exclusion: spellforged servitor


Innate Abilities, Weirdness & Mutations

You can breathe wild blasts of lightning.
Your glossy black scales are hard. (AC +12)
You cannot fit into any form of body armour.
Your large and strong wings let you fly.
You are resistant to electric shocks. (rElec)
You are cold-blooded and may be slowed by cold attacks.
Your flesh is cold resistant. (rC+)
You have an increased reservoir of magic. (+10% MP)
You are strong-willed. (Will+)
You are weak. (Str -2)


Message History

The floor.
Unknown command.
Okay, then.
Unknown command.
Wag Kob moves out of view.
An ancient lich comes into view. x2
You see here a +0 robe.
A balrug and 2 sun demons come into view.
The balrug is wielding a +1 demon whip of venom.
Blink to where?
Press: ? - help, Dir - move target You can't see that place. [the floor.]
Okay, then.
You feel yourself speed up.
The sun demon shouts!
The ancient lich mumbles some strange words.
The ancient lich seems to speed up.
Blink to where?
Press: ? - help, Dir - move target A smoke demon comes into view.
As you read the scroll of blinking {@r4}, it crumbles to dust.
The smoke demon roars!
Warning, next level annotated: !natasha The balrug is sucked into a shaft!
The shaft crumbles and collapses.
You fly upwards.
There is a stone staircase leading down here.
There is an escape hatch in the floor here.
There is a stone staircase leading up here.
You fly upwards.
There is a stone staircase leading down here.
An Orb Guardian comes into view.
There is an open door here.
Blink to where?
Press: ? - help, Dir - move target
As you read the scroll of blinking {@r4}, it crumbles to dust.
Unknown command.
Unknown command.
Your extra speed is starting to run out.
You have escaped!

#.......#....#...#
#.##### #.#
#########....##..# #.#
#.# ####
##...###.###.#########.#
...#
##.#.#...§.#...........#
...#
#....##...##############
...# #.####..#..####
.### #.#...........#
.>.# #.#...........#
##.######.#.⌠.3.@...⌠.#
#.........#...........#
#.........#...........#
#.........##..#####..##
#..........#...# #...#
####'####..#...###...#
#.## #..##...#...##
#..###...##.....##
##...#.#.......##


You could see a sun demon.

Vanquished Creatures
  An ancient lich (Zot:5)
  A golden dragon (Zot:2)
  the Enchantress (Depths:3)
  An Orb Guardian (Zot:5)
  A lich (Vaults:5)
  2 deep elf blademasters (Elf:3)
  2 deep elf master archers (Elf:3)
  3 sphinxes
  Gastronok (Lair:3)
  Kirke (Elf:1)
  A shadow dragon (Depths:1)
  Aizul (Orc:2)
  Ilsuiw (Shoals:2)
  A storm dragon (Zot:2)
  A frost giant (Depths:1)
  A draconian monk (Zot:2)
  9 nagarajas
  2 azure jellies (Slime:5)
  3 fire giants
  A draconian knight (Zot:1)
  5 deep elf sorcerers
  6 vault wardens
  A ghost moth (Zot:3)
  A quicksilver ooze (Slime:5)
  A formless jellyfish (Vaults:2)
  2 spriggan defenders (Depths:3)
  5 stone giants
  3 draconian stormcallers
  2 very ugly things
  An ironbound thunderhulk (Vaults:1)
  2 orc warlords (Vaults:1)
  2 ironbound preservers
  2 deep elf demonologists (Elf:3)
  Nessos (Lair:4)
  4 deep elf annihilators
  A red draconian (Zot:1)
  A black draconian (Zot:2)
  6 deep elf death magi
  A purple draconian (Zot:3)
  Snorg (Lair:5)
  2 merfolk javelineers (Shoals:2)
  An entropy weaver (shapeshifter) (D:14)
  An ettin (Depths:1)
  9 merfolk impalers
  A fire dragon (Elf:2)
  4 yaktaur captains
  An ice dragon (Depths:1)
  2 deep elf high priests
  2 entropy weavers
  Harold (D:11)
  9 vault guards
  4 ironbound frosthearts
  3 great orbs of eyes
  4 merfolk avatars (Shoals:4)
  5 boulder beetles
  2 spriggan air magi (Depths:3)
  6 hydras
  Erolcha (Orc:2)
  An alligator snapping turtle (Shoals:3)
  8 centaur warriors
  2 ogre magi (Orc:2)
  10 merfolk aquamancers
  3 catoblepae (Lair:5)
  A deep troll shaman (Depths:3)
  6 two-headed ogres
  2 satyrs (Shoals:4)
  13 anacondas
  7 dancing weapons
  2 deep troll earth magi (Depths:2)
  11 naga warriors
  5 death yaks (Lair:5)
  2 tengu warriors
  5 orc high priests
  A spriggan berserker (Depths:1)
  16 deep elf knights
  7 naga sharpshooters
  7 shock serpents
  Urug (Lair:2)
  4 salamander mystics
  A skeletal warrior (D:12)
  3 skysharks
  An iron troll (Depths:1)
  14 deep trolls
  A flayed ghost (Depths:1)
  A glowing orange brain (Depths:1)
  2 arcanists
  25 sea snakes
  15 deep elf archers
  13 mana vipers
  4 ironbound convokers
  5 naga ritualists
  16 deep elf zephyrmancers
  A steelbarb worm (shapeshifter) (D:13)
  7 lindwurms
  19 deep elf pyromancers
  7 orc knights
  A harpy (shapeshifter) (D:14)
  18 harpies
  4 fauns (Shoals:2)
  6 orc sorcerers
  19 manticores
  7 ugly things
  A large abomination (Abyss:3)
  A moth of wrath (Zot:2)
  11 salamanders
  2 cyclopes
  16 naga magi
  A meliai (shapeshifter) (D:15)
  7 merfolk sirens
  8 elephants
  9 guardian serpents
  12 nameless horrors
  A black mamba (shapeshifter) (D:13)
  4 vault sentinels
  A torpor snail (Lair:1)
  14 black mambas
  7 water nymphs
  17 cane toads
  A gargoyle (D:12)
  4 unseen horrors
  6 komodo dragons
  2 rime drakes
  10 yaktaurs
  2 freezing wraiths
  A troll (shapeshifter) (D:14)
  10 trolls
  2 hornets (Depths:3)
  4 blink frogs (Lair:2)
  3 tyrant leeches (D:10)
  5 wind drakes
  Grinder (D:4)
  21 merfolk
  9 snapping turtles
  9 water elementals
  2 air elementals
  6 spriggans
  A human (shapeshifter) (D:15)
  2 shadows
  2 wyverns
  20 slime creatures
  2 vampires (D:10)
  A ynoxinul (Abyss:3)
  A human (Elf:1)
  A spriggan (shapeshifter) (D:15)
  A wraith (D:12)
  86 yaks
  2 wargs
  A basilisk (D:15)
  A fire elemental (Elf:1)
  10 vampire mosquitoes
  2 steam dragons
  2 hogs (Elf:1)
  A redback (Vaults:1)
  2 acid dragons (D:14)
  8 water moccasins
  A hell hound (Elf:2)
  50 nagas
  30 orc warriors
  2 ice beasts
  10 ogres
  2 sky beasts
  A black bear (shapeshifter) (D:15)
  15 wolves
  2 boggarts (Vaults:2)
  5 centaurs
  4 kobold brigands
  18 bullfrogs
  4 gnoll sergeants
  2 earth elementals (Elf:3)
  3 scorpions
  32 killer bees
  4 electric eels
  A howler monkey (D:9)
  A crimson imp (D:5)
  2 gnoll boudas
  21 orc priests
  3 hounds
  14 jellies
  2 starcursed masses (Abyss:3)
  4 iguanas
  Natasha (thrice) (D:2)
  42 orc wizards
  7 adders
  26 gnolls
  3 shadow imps (D:5)
  14 white imps
  4 dart slugs
  92 orcs
  8 endoplasms
  2 giant cockroaches
  8 goblins
  5 hobgoblins
  2 jackals (D:4)
  3 ball pythons
  3 frilled lizards
  A goblin skeleton (D:6)
  A goblin zombie (D:6)
  5 hobgoblin zombies (D:6)
  19 kobolds
  A kobold skeleton (D:6)
  2 kobold zombies (D:6)
  4 rats
1289 creatures vanquished.

Vanquished Creatures (collateral kills)
  2 dread liches
  2 orbs of fire (Zot:5)
  An ancient lich (Vaults:5)
  A juggernaut (Depths:3)
  Sojobo (Vaults:3)
  Vv (Zot:3)
  Boris (Vaults:4)
  6 Killer Klowns
  Parghit (Zot:3)
  A curse toe (Zot:3)
  9 golden dragons
  2 bone dragons (Depths:4)
  An electric golem (Zot:5)
  9 tentacled monstrosities
  3 liches
  2 titans (Vaults:5)
  22 Orb Guardians
  2 quicksilver dragons (Zot:5)
  22 acid blobs
  7 eldritch tentacles
  7 sphinxes
  4 death cobs
  An ancient champion (Vaults:2)
  A tentacled starspawn (Abyss:3)
  9 shadow dragons
  9 tengu reavers
  10 rockslimes
  5 storm dragons
  A draconian knight (Zot:1)
  8 azure jellies
  5 draconian monks
  3 deep elf sorcerers
  2 protean progenitors (Zot:5)
  10 vault wardens
  3 frost giants
  2 balrugs
  10 fire giants
  2 ghost moths (Zot:5)
  2 iron dragons (Depths:4)
  3 draconian scorchers
  6 draconian shifters
  3 spriggan defenders (Depths:3)
  7 draconian annihilators
  4 formless jellyfish
  An orc warlord (Vaults:1)
  10 quicksilver oozes
  3 draconian stormcallers
  A reaper (Depths:1)
  11 stone giants
  13 ironbound preservers
  3 ironbound thunderhulks
  9 green draconians
  6 very ugly things
  3 vampire knights
  3 deep elf demonologists (Elf:3)
  8 purple draconians
  8 white draconians
  9 black draconians
  A deep elf annihilator (D:13)
  2 deep elf death magi (Elf:3)
  9 red draconians
  7 yellow draconians
  2 war gargoyles (Vaults:2)
  A crystal guardian (Vaults:2)
  3 deep elf high priests
  4 ettins
  2 merfolk impalers (Shoals:4)
  2 entropy weavers
  6 fire dragons
  The ghost of ntrailstourney the Summoner, a journeyman SpSu of Gozag (Lair:5)
  11 yaktaur captains
  25 vault guards
  4 hydras
  6 great orbs of eyes
  A peacekeeper (Vaults:2)
  A catoblepas (Lair:5)
  6 ice dragons
  A hell beast (Depths:4)
  A spriggan skeleton (Depths:1)
  A spriggan air mage (Depths:3)
  6 centaur warriors
  A rakshasa (Depths:2)
  5 ironbound frosthearts
  2 anacondas (Zot:5)
  2 ogre magi
  A boulder beetle (Vaults:1)
  6 deep troll shamans
  7 tengu warriors
  2 deep troll earth magi
  2 vampire magi
  5 dancing weapons
  9 spriggan berserkers
  2 deep elf knights (Elf:3)
  3 hell knights
  An occultist (Depths:2)
  2 wretched stars (Abyss:3)
  A storm dragon zombie (Depths:1)
  5 sun demons
  11 skeletal warriors
  A skyshark (Lair:4)
  9 iron trolls
  A sixfirhy (Depths:2)
  43 deep trolls
  6 lindwurms
  3 arcanists
  A glowing orange brain (Depths:3)
  10 harpies (Vaults:2)
  2 deep elf pyromancers (Elf:3)
  A deep elf zephyrmancer (Elf:3)
  14 starcursed masses (Abyss:3)
  4 orc knights
  4 ironbound convokers
  A stone giant zombie (Depths:1)
  3 phantasmal warriors
  3 human zombies
  6 shining eyes
  4 orc sorcerers
  5 necromancers
  A worldbinder (Abyss:3)
  3 large abominations (Abyss:3)
  3 tengu skeletons
  16 ugly things
  2 salamanders
  12 moths of wrath
  A manticore (Elf:2)
  2 stone giant skeletons (Vaults:2)
  An elephant (shapeshifter) (Vaults:5)
  11 vault sentinels
  67 slime creatures
  An apocalypse crab (Abyss:3)
  A merfolk siren (Shoals:4)
  2 orange demons (Abyss:3)
  5 eyes of devastation
  3 cane toads
  2 smoke demons (Abyss:3)
  A torpor snail (Lair:5)
  A hellion (Depths:2)
  A yaktaur zombie (Vaults:4)
  A rime drake (Lair:4)
  3 freezing wraiths
  2 tormentors
  23 yaktaurs
  4 tengu conjurers
  An ice devil (D:9)
  A wolf spider (shapeshifter) (Vaults:5)
  2 ancient zymes (Abyss:3)
  2 merfolk
  3 human skeletons (Vaults:2)
  A polar bear (Lair:4)
  A yaktaur skeleton (Vaults:2)
  A hellwing (Abyss:3)
  A tengu simulacrum (Vaults:4)
  A dream sheep (shapeshifter) (Vaults:5)
  4 hornets
  An ettin zombie (Vaults:2)
  A dream sheep (Lair:5)
  A blink frog (Lair:5)
  2 glass eyes
  3 raiju (Abyss:3)
  15 spriggans
  An ettin skeleton (Vaults:2)
  4 water elementals
  2 small abominations
  A ynoxinul (Abyss:3)
  A basilisk (Lair:5)
  A golden eye (Slime:5)
  5 fire elementals
  2 redbacks (shapeshifter) (Vaults:5)
  An elf skeleton (Vaults:2)
  A swamp worm (shapeshifter) (Vaults:5)
  2 hydra simulacra (Depths:3)
  4 hell hounds (Elf:2)
  3 nameless horrors
  3 orc warriors (Vaults:5)
  3 ogres (Orc:2)
  A boggart (Vaults:2)
  An earth elemental (Elf:2)
  An ogre simulacrum (Vaults:2)
  7 jellies (Slime:3)
  An iron imp (Abyss:3)
  3 orc wizards
  An orc (Vaults:5)
  6 ballistomycete spores
  2 starspawn tentacles (Abyss:3)
859 creatures vanquished.

Vanquished Creatures (others)
  An electric golem (Zot:5)
  41 eldritch tentacles
  A fire giant (Depths:1)
  A deep elf sorcerer (Vaults:4)
  A purple draconian (Zot:3)
  A red draconian (Zot:2)
  A great orb of eyes (Abyss:3)
  An ironbound frostheart (Vaults:4)
  An occultist (Depths:2)
  2 oklob plants (Lair:3)
  A harpy (Shoals:1)
  A deep elf zephyrmancer (Elf:1)
  2 moths of wrath
  2 eyes of devastation (Zot:3)
  A rime drake (Lair:3)
  2 komodo dragons (Lair:3)
  A slime creature (Slime:5)
  A water elemental (Depths:3)
  5 hydra simulacra (Depths:3)
  5 killer bees (Lair:3)
  A bombardier beetle (D:6)
  A sleepcap (D:6)
  A gnoll (D:5)
  A goblin (D:8)
  A goblin skeleton (D:6)
  A goblin zombie (D:6)
  A kobold zombie (D:6)
  A ballistomycete spore (Vaults:3)
  4 starspawn tentacles (Abyss:3)
84 creatures vanquished.

Grand Total: 2232 creatures vanquished

Notes
Turn   | Place    | Note
-------+----------+-------------------------------------------
     0 | D:1      | Sergey the Draconian Alchemist began the quest for the Orb.
     0 | D:1      | Reached XP level 1. HP: 14/14 MP: 3/3
   224 | D:1      | Reached skill level 1 in Fighting
   372 | D:1      | Reached XP level 2. HP: 23/23 MP: 0/5
   463 | D:1      | Learned a level 2 spell: Mercury Vapours
  1654 | D:2      | Found a faded altar of an unknown god.
  1891 | D:2      | Noticed Natasha
  2219 | D:3      | Found an ornate altar of the Wu Jian Council.
  2234 | D:3      | Reached XP level 3. HP: 28/28 MP: 2/6
  2370 | D:3      | Reached skill level 1 in Evocations
  2447 | D:3      | Reached XP level 4. HP: 35/35 MP: 7/7
  3225 | D:4      | Noticed a water moccasin
  3464 | D:4      | Noticed a scorpion
  3465 | D:4      | Killed a scorpion
  3466 | D:4      | Reached skill level 1 in Air Magic
  3466 | D:4      | Reached XP level 5. HP: 45/45 MP: 8/8
  3581 | D:4      | Found a shadowy altar of Dithmenos.
  3604 | D:4      | Noticed Grinder
  3664 | D:5      | Entered Level 5 of the Dungeon
  3720 | D:4      | Found a basalt altar of Yredelemnul.
  3831 | D:5      | Found a staircase to the Ecumenical Temple.
  3969 | D:5      | Found an opulent altar of Gozag.
  4010 | Temple   | Entered the Ecumenical Temple
  4038 | Temple   | Became a worshipper of Fedhas Madash
  4084 | D:5      | Reached skill level 3 in Spellcasting
  4145 | D:5      | Learned a level 4 spell: Olgreb's Toxic Radiance
  4405 | D:5      | Reached XP level 6. HP: 50/51 MP: 6/10
  4456 | D:5      | Noticed an ice beast
  5094 | D:5      | Killed an ice beast
  5095 | D:5      | Reached skill level 5 in Alchemy
  5205 | D:4      | Your scales start taking on a glossy black colour.
  5205 | D:4      | Reached XP level 7. HP: 54/57 MP: 5/11
  5205 | D:4      | Gained mutation: You are resistant to electric shocks.
                  | (rElec) [Black Draconian growth]
  5480 | D:6      | Reached * piety under Fedhas
  6271 | D:6      | Reached skill level 4 in Spellcasting
  6429 | D:6      | Reached XP level 8. HP: 66/66 MP: 5/14
  6545 | D:6      | Found a glowing golden altar of the Shining One.
  6618 | D:6      | Reached ** piety under Fedhas
  6635 | D:6      | Reached skill level 5 in Fighting
  6936 | D:6      | Found a hide-covered altar of Uskayaw.
  7155 | D:6      | Found a white marble altar of Elyvilon.
  7495 | D:7      | Found a glowing golden altar of the Shining One.
  7775 | D:7      | Found a sacrificial altar of Ru.
  7794 | D:7      | Reached skill level 1 in Fire Magic
  7890 | D:7      | Reached XP level 9. HP: 75/79 MP: 9/15
  8159 | D:7      | Reached skill level 5 in Evocations
  8221 | D:7      | Found a broken altar of Ashenzari.
  8450 | D:7      | Identified the +1 robe of Supple Strength {rPois rC+++ MP-9
                  | Dex-4}
  8559 | D:7      | Learned a level 4 spell: Sticky Flame
  8708 | D:7      | Found an ornate altar of the Wu Jian Council.
  8942 | D:8      | Found a shimmering altar of Xom.
  8975 | D:8      | Reached skill level 1 in Invocations
  9181 | D:8      | Reached *** piety under Fedhas
  9257 | D:8      | Learned a level 3 spell: Mephitic Cloud
  9407 | D:8      | Noticed a two-headed ogre
  9423 | D:8      | Killed a two-headed ogre
  9727 | D:8      | Noticed a troll
  9753 | D:8      | Killed a troll
  9754 | D:8      | Reached skill level 5 in Spellcasting
 10089 | D:8      | Found a stormy altar of Qazlal.
 10126 | D:8      | Reached XP level 10. HP: 87/91 MP: 9/17
 10635 | D:4      | Killed Grinder
 10841 | D:2      | Killed Natasha
 10997 | D:2      | Noticed Natasha
 11000 | D:2      | Killed Natasha
 11046 | D:2      | Found a faded altar of an unknown god.
 11385 | D:2      | Found a faded altar of an unknown god.
 11529 | D:2      | Noticed Natasha
 11534 | D:2      | Killed Natasha
 11913 | D:9      | Reached **** piety under Fedhas
 11917 | D:9      | Reached skill level 6 in Spellcasting
 12011 | D:9      | Found Naes's Armour Boutique.
 12096 | D:9      | Reached skill level 10 in Fighting
 12884 | D:9      | Found a staircase to the Orcish Mines.
 13054 | D:9      | Found a radiant altar of Vehumet.
 13211 | D:9      | Found a shimmering blue altar of Sif Muna.
 13211 | D:9      | Found a hazy altar of Hepliaklqana.
 13218 | D:9      | Found a burning altar of Makhleb.
 13220 | D:9      | Found a faded altar of an unknown god.
 13222 | D:9      | Found a snail-covered altar of Cheibriados.
 13353 | D:9      | Reached ***** piety under Fedhas
 13676 | D:10     | Entered Level 10 of the Dungeon
 13693 | D:10     | Reached skill level 7 in Spellcasting
 13838 | D:10     | Reached skill level 5 in Invocations
 13994 | D:10     | Reached XP level 11. HP: 72/99 MP: 10/22
 14333 | D:10     | Found the +8 Vampire's Tooth {megavamp}
 14612 | D:10     | Found a staircase to the Lair.
 15198 | D:10     | Reached skill level 8 in Spellcasting
 15625 | D:11     | Noticed a boulder beetle
 15636 | D:11     | Killed a boulder beetle
 16479 | D:11     | Noticed a boulder beetle
 16490 | D:11     | Killed a boulder beetle
 16491 | D:11     | Reached skill level 9 in Spellcasting
 16617 | D:11     | Noticed Harold
 16629 | D:11     | Killed Harold
 16630 | D:11     | Reached skill level 1 in Short Blades
 16888 | Lair:1   | Entered Level 1 of the Lair of Beasts
 17013 | Lair:1   | Reached XP level 12. HP: 106/106 MP: 10/25
 17521 | Lair:1   | Reached skill level 10 in Spellcasting
 17674 | Lair:1   | Reached ****** piety under Fedhas
 18012 | Lair:1   | Reached skill level 5 in Short Blades
 18909 | Lair:2   | Noticed Urug
 19416 | Lair:2   | Killed Urug
 20272 | Lair:2   | Found a staircase to the Snake Pit.
 21528 | Lair:3   | Reached skill level 5 in Dodging
 21798 | Lair:3   | Noticed Gastronok
 21894 | Lair:3   | Killed Gastronok
 21895 | Lair:3   | Reached XP level 13. HP: 118/118 MP: 1/27
 22178 | Lair:3   | Found a staircase to the Shoals.
 22387 | Lair:3   | Identified the +2 flail of the Stork {holy, rCorr Str+3
                  | SInv}
 24036 | Lair:4   | Noticed Nessos
 24063 | Lair:4   | Reached skill level 10 in Evocations
 24407 | Lair:4   | Killed Nessos
 25214 | Lair:5   | Entered Level 5 of the Lair of Beasts
 25432 | Lair:4   | Reached skill level 10 in Invocations
 25717 | Lair:5   | Found a transporter.
 25720 | Lair:5   | Noticed ntrailstourney's ghost (journeyman SpSu)
 26290 | Lair:5   | Found a transporter.
 26348 | Lair:5   | Noticed Snorg
 26390 | Lair:5   | Killed Snorg
 26911 | Lair:5   | Gained mutation: Your large and strong wings let you fly.
                  | [Black Draconian growth]
 26911 | Lair:5   | Reached XP level 14. HP: 132/132 MP: 28/28
 27064 | Lair:5   | Found a staircase to the Slime Pits.
 27129 | Lair:5   | Identified a scroll of acquirement
 27129 | Lair:5   | Acquired Quoroeli's Compilation of the Volley and Last
                  | Rites
 27155 | Lair:5   | Learned a level 5 spell: Fireball
 27271 | Lair:5   | Identified the +9 chain mail "Oggos" {rF- rN+ Will+ Str+4}
 27967 | Lair:5   | Reached skill level 5 in Fire Magic
 28963 | D:12     | Reached skill level 5 in Conjurations
 30358 | Orc:1    | Entered Level 1 of the Orcish Mines
 30689 | Orc:1    | Found a dark tunnel.
 30732 | Volcano  | Entered a volcano
 31543 | Orc:1    | Found Zupiussobe's Magic Scroll Shoppe.
 31546 | Orc:1    | Bought 2 scrolls of blinking for 240 gold pieces
 31546 | Orc:1    | Bought a scroll of teleportation for 48 gold pieces
 31546 | Orc:1    | Bought a scroll of enchant armour for 120 gold pieces
 31546 | Orc:1    | Bought a scroll of enchant armour for 120 gold pieces
 31546 | Orc:1    | Bought a scroll of teleportation for 48 gold pieces
 31546 | Orc:1    | Bought 3 scrolls of teleportation for 144 gold pieces
 31574 | Orc:2    | Entered Level 2 of the Orcish Mines
 31574 | Orc:2    | Found Sisoaly's Assorted Antiques.
 31732 | Orc:2    | Bought a scroll labelled VIGGIV BAS for 23 gold pieces
 31732 | Orc:2    | Bought a scroll of identify for 46 gold pieces
 32095 | Orc:2    | Found a staircase to the Elven Halls.
 32500 | Orc:2    | Paralysed by an orc sorcerer for 4 turns
 32665 | Orc:2    | Found Gixo's Antique Weapon Shop.
 32704 | Orc:2    | Found an ancient bone altar of Kikubaaqudgha.
 32934 | Orc:2    | Reached XP level 15. HP: 138/138 MP: 8/29
 33167 | Orc:2    | Found a radiant altar of Vehumet.
 33168 | Orc:2    | Noticed Erolcha
 33227 | Orc:2    | Killed Erolcha
 33328 | Orc:2    | Found Qownaija's Magic Scroll Boutique.
 33336 | Orc:2    | Bought a scroll of identify for 30 gold pieces
 33336 | Orc:2    | Bought a scroll of identify for 30 gold pieces
 33338 | Orc:2    | Bought a scroll of identify for 30 gold pieces
 33339 | Orc:2    | Bought a scroll of teleportation for 45 gold pieces
 33339 | Orc:2    | Bought a scroll of enchant armour for 112 gold pieces
 33535 | Orc:2    | Found Daphor's Book Boutique.
 33630 | Orc:2    | Found Tuehy's Magic Scroll Shop.
 33640 | Orc:2    | Bought a scroll of enchant armour for 105 gold pieces
 33713 | Orc:2    | Bought a scroll of teleportation for 42 gold pieces
 33713 | Orc:2    | Bought a scroll of teleportation for 42 gold pieces
 33713 | Orc:2    | Bought a scroll of identify for 28 gold pieces
 33720 | Orc:2    | Bought a book of Dangerous Friends for 420 gold pieces
 33720 | Orc:2    | Bought the Precepts of the Catalyst for 200 gold pieces
 33725 | Orc:2    | Learned a level 4 spell: Ignite Poison
 34437 | D:13     | Identified the +6 dire flail of Malaise {antimagic, rElec
                  | rC+ Str+3 Stlth+}
 35464 | D:13     | Found a gate to the Vaults.
 36990 | D:14     | Identified the +4 shortbow of Goad {freeze, rPois rF++ rC-
                  | rCorr}
 37714 | D:14     | Found a glowing silver altar of Zin.
 37861 | Snake:1  | Entered Level 1 of the Snake Pit
 37861 | Snake:1  | Found the +10 dark maul {heavy}
 38776 | Snake:1  | Found a broken altar of Ashenzari.
 38972 | Snake:1  | Noticed Roxanne
 39030 | Snake:1  | Found Voobbad's Jewellery Emporium.
 39038 | Snake:1  | Bought a +4 ring of protection for 540 gold pieces
 39955 | Snake:2  | Reached skill level 11 in Spellcasting
 40416 | Snake:2  | Found Poonoff's General Store.
 40424 | Snake:2  | Bought a scroll of teleportation for 57 gold pieces
 41228 | Snake:1  | Learned a level 5 spell: Irradiate
 41749 | Snake:2  | You are sucked into a shaft and drop 1 floor!
 41751 | Snake:3  | Found Gugur's Armour Shoppe.
 41759 | Snake:3  | Reached XP level 16. HP: 146/146 MP: 20/31
 42665 | Snake:2  | Identified the +4 mace of Luohizef {vamp, rF- rN+ rCorr
                  | Stlth+}
 44654 | Snake:3  | Reached skill level 10 in Conjurations
 45867 | Snake:3  | Found Qemuoz's Weapon Emporium.
 45869 | Snake:3  | Found Gyuw's Magic Scroll Emporium.
 45874 | Snake:3  | Found Tiosugaz's Assorted Antiques.
 46108 | Snake:4  | Entered Level 4 of the Snake Pit
 46802 | Snake:4  | Reached skill level 12 in Spellcasting
 47595 | Snake:4  | Reached skill level 10 in Dodging
 47698 | Snake:4  | Reached skill level 1 in Summonings
 49038 | Snake:4  | Reached skill level 5 in Summonings
 50490 | Snake:4  | Reached XP level 17. HP: 130/152 MP: 13/33
 50827 | Snake:4  | Found Yxaleice's Antique Armour Emporium.
 50871 | Snake:3  | Bought a scroll of blinking for 82 gold pieces
 50871 | Snake:3  | Bought a scroll of blinking for 82 gold pieces
 51640 | Snake:4  | Got a serpentine rune of Zot
 51787 | Shoals:1 | Entered Level 1 of the Shoals
 53688 | Shoals:2 | Reached skill level 10 in Summonings
 54460 | Shoals:2 | Noticed Ilsuiw
 55011 | Shoals:2 | Killed Ilsuiw
 55462 | Shoals:2 | Found Gehimp's Gadget Gallery.
 55630 | Shoals:3 | Learned a level 7 spell: Spellforged Servitor
 55774 | Shoals:3 | Found Soaschile's Self-Improvement Boutique.
 57198 | Shoals:4 | Entered Level 4 of the Shoals
 58344 | Snake:4  | Bought a dazzling kite shield for 408 gold pieces
 58344 | Snake:4  | Identified the +0 kite shield of the Great Game {rF+ Will+
                  | Str+4 Dex+3} (You bought it in a shop on level 4 of the
                  | Snake Pit)
 58684 | Shoals:4 | Reached skill level 1 in Shields
 60312 | Shoals:4 | Reached skill level 5 in Shields
 60468 | Shoals:4 | Reached XP level 18. HP: 160/160 MP: 18/34
 61135 | Shoals:4 | Got a barnacled rune of Zot
 61394 | Elf:1    | Entered Level 1 of the Elven Halls
 61394 | Elf:1    | Identified the serpent talisman of a Labyrinth {rElec
                  | Will+++ Int-4 Dex-4}
 61394 | Elf:1    | Noticed Aizul
 61405 | Orc:2    | Killed Aizul
 62756 | Elf:1    | Noticed Kirke
 62796 | Elf:1    | Killed Kirke
 63513 | Elf:2    | Learned a level 6 spell: Summon Cactus Giant
 63571 | Elf:2    | Reached skill level 10 in Shields
 64811 | Elf:2    | Paralysed by an air elemental for 1 turns
 65345 | Elf:2    | Found a runed translucent gate.
 65347 | Elf:2    | Found a runed translucent gate.
 65351 | Elf:2    | Found a runed translucent gate.
 65546 | Elf:3    | Entered Level 3 of the Elven Halls
 66626 | Elf:3    | Found a runed translucent gate.
 66626 | Elf:3    | Found a runed translucent gate.
 66626 | Elf:3    | Found a runed translucent gate.
 66626 | Elf:3    | Noticed Armakuni's ghost (adept DEMo)
 67241 | Elf:3    | Reached XP level 19. HP: 138/166 MP: 8/35
 67832 | Elf:3    | Identified the ring of Cochic {rElec Str+6 Stlth+}
 68185 | Elf:3    | Got the Vellum of Superposition
 68253 | Elf:3    | Identified the +2 ring mail of the Unseen Realm {rN+ Dex+5}
 68738 | Elf:3    | Reached skill level 15 in Summonings
 68932 | Elf:3    | Identified the ring "Puxate" {Ice Str+4}
 69413 | Elf:3    | Got the Guidebook on Horrible Electricity
 69414 | Elf:3    | Identified the +5 orcbow of the Forest {antimagic, Int+2}
 69766 | Vaults:1 | Entered Level 1 of the Vaults
 69801 | D:15     | Entered Level 15 of the Dungeon
 70479 | D:15     | Found a radiant altar of Vehumet.
 71266 | D:15     | Found a staircase to the Depths.
 72163 | Vaults:1 | Got the Spellbook of Contaminated Fulmination
 72312 | Vaults:1 | Reached skill level 13 in Spellcasting
 72502 | Vaults:1 | Found Mostol's Jewellery Boutique.
 72508 | Vaults:1 | Bought the amulet of Jiedghirgh {rC+ Will+ Regen+ Dex-5}
                  | for 547 gold pieces
 72548 | Vaults:1 | Found a portal to a secret trove of treasure.
 73456 | Vaults:1 | Reached skill level 14 in Spellcasting
 73464 | Vaults:1 | Learned a level 7 spell: Monstrous Menagerie
 73701 | Vaults:1 | Found a runed translucent gate.
 73701 | Vaults:1 | Found a runed translucent gate.
 73702 | Vaults:1 | Found a runed translucent gate.
 73974 | Vaults:1 | Noticed Getoffmy's ghost (veteran GrFi)
 74503 | Vaults:2 | Reached XP level 20. HP: 156/174 MP: 11/38
 75525 | Vaults:2 | Found Seuheyt's Distillery.
 75533 | Vaults:2 | Bought a potion of curing for 42 gold pieces
 75533 | Vaults:2 | Bought a potion of heal wounds for 70 gold pieces
 75533 | Vaults:2 | Bought a potion of curing for 42 gold pieces
 75533 | Vaults:2 | Bought a potion of heal wounds for 70 gold pieces
 75533 | Vaults:2 | Bought a potion of haste for 140 gold pieces
 75533 | Vaults:2 | Bought a potion of brilliance for 56 gold pieces
 75533 | Vaults:2 | Bought a potion of brilliance for 56 gold pieces
 75821 | Vaults:2 | You are sucked into a shaft and drop 1 floor!
 76487 | Vaults:3 | Found Noseshei's Jewellery Boutique.
 76638 | Vaults:3 | Identified the +0 scale mail of Lugonu's Vengeance {rC+
                  | Will+}
 76979 | Vaults:3 | Noticed Sojobo
 76993 | Vaults:3 | Killed Sojobo
 79024 | Vaults:2 | Found a staircase to the Crypt.
 79728 | Depths:1 | Entered Level 1 of the Depths
 79742 | Depths:1 | Reached skill level 1 in Translocations
 79745 | Depths:1 | Reached skill level 15 in Spellcasting
 79990 | Depths:1 | Identified the +2 rapier "Widowmaker" {vamp, rF+}
 80586 | Depths:1 | Found a one-way gateway to a ziggurat.
 81043 | Depths:1 | Reached XP level 21. HP: 160/173 MP: 4/40
 81795 | Depths:2 | Reached skill level 5 in Translocations
 82561 | Depths:1 | Found a one-way gateway to a ziggurat.
 82963 | Depths:2 | Learned a level 8 spell: Summon Horrible Things
 83335 | Depths:2 | Found a one-way gate to the infinite horrors of the Abyss.
 83868 | Depths:2 | Found a one-way gate leading to the halls of Pandemonium.
 84049 | Depths:2 | Found a gateway to Hell.
 84268 | Depths:2 | Reached skill level 1 in Earth Magic
 85487 | Depths:3 | Noticed the Enchantress
 85504 | Depths:3 | Killed the Enchantress
 85528 | Depths:3 | Reached skill level 16 in Spellcasting
 85738 | Depths:3 | Reached skill level 5 in Earth Magic
 85950 | Depths:3 | Learned a level 6 spell: Bombard
 86326 | Snake:2  | Bought a scroll of amnesia for 76 gold pieces
 86335 | Snake:2  | Learned a level 7 spell: Malign Gateway
 87791 | Depths:3 | Noticed a juggernaut
 87807 | Depths:3 | Killed a juggernaut
 87977 | Depths:4 | Entered Level 4 of the Depths
 88351 | Depths:4 | Reached XP level 22. HP: 139/189 MP: 28/42
 88563 | Depths:4 | Reached skill level 17 in Spellcasting
 88994 | Shoals:3 | Bought a manual of Dodging for 960 gold pieces
 88994 | Shoals:3 | Bought a manual of Fighting for 960 gold pieces
 89162 | Slime:1  | Entered Level 1 of the Pits of Slime
 89260 | Slime:2  | Gained mutation: You occasionally lose the ability to drink
                  | potions when taking damage. [a shining eye]
 89668 | Slime:5  | Entered Level 5 of the Pits of Slime
 89680 | Slime:5  | Reached skill level 15 in Fighting
 89698 | Slime:5  | Noticed the Royal Jelly
 92665 | Slime:5  | Identified the +3 lajatang of Paper {vamp, Str+2}
 92715 | Slime:5  | Got a slimy rune of Zot
 93286 | Vaults:4 | Found Neroxt's Magic Scroll Emporium.
 93294 | Vaults:4 | Bought a scroll of teleportation for 51 gold pieces
 93294 | Vaults:4 | Bought a scroll of fog for 68 gold pieces
 93294 | Vaults:4 | Bought a scroll of summoning for 161 gold pieces
 93547 | Vaults:4 | Paralysed by a formless jellyfish for 1 turns
 93550 | Vaults:4 | Paralysed by a formless jellyfish for 1 turns
 94108 | Vaults:4 | Noticed Boris
 94129 | Vaults:4 | Killed Boris
 94660 | Vaults:4 | Reached XP level 23. HP: 213/213 MP: 18/44
 94765 | Vaults:4 | Got the Handbook of Guile and the Quake
 94799 | Vaults:5 | Entered Level 5 of the Vaults
 94825 | Vaults:5 | Reached skill level 15 in Dodging
 94884 | Vaults:5 | Noticed a dread lich
 94947 | Vaults:5 | Killed a dread lich
 95109 | Vaults:5 | Identified the amulet "Gomuam" {Reflect Dex+5 SH+5}
 95359 | Vaults:5 | Identified the +12 gold dragon scales "Fonylaj" {rPois rF+
                  | rC+ rN+}
 95389 | Vaults:5 | Identified the +0 leather armour "Emeavyoc" {Will++}
 96883 | Vaults:5 | Got a silver rune of Zot
 96892 | Vaults:5 | Identified the +10 orcbow of Untruth {antimagic, Str+6}
 96892 | Vaults:5 | Identified the amulet of Voext {Spirit rN+}
 97040 | Vaults:5 | Noticed an ancient lich
 97251 | Vaults:5 | Killed an ancient lich
 97654 | Depths:2 | Voluntarily entered the Abyss.
 97680 | Abyss:2  | Found a corrupted altar of Lugonu.
 97929 | Abyss:3  | Learned a level 1 spell: Apportation
 98081 | Abyss:3  | Got an abyssal rune of Zot
 98083 | Depths:2 | Escaped the Abyss
 98465 | Snake:2  | Bought the ring "Rotzosab" {rF+ rCorr Dex+3} for 765 gold
                  | pieces
 99493 | Depths:4 | Found a gate to the Realm of Zot.
 99499 | Zot:1    | Entered Level 1 of the Realm of Zot
 99515 | Zot:1    | Reached XP level 24. HP: 219/220 MP: 19/44
100001 | Zot:2    | Lost mutation: You occasionally lose the ability to drink
                  | potions when taking damage. [potion of mutation]
100001 | Zot:2    | Gained mutation: You are strong-willed. (Will+) [potion of
                  | mutation]
100001 | Zot:2    | Gained mutation: You are weak. (Str -2) [potion of
                  | mutation]
100001 | Zot:2    | Gained mutation: You have an increased reservoir of magic.
                  | (+10% MP) [potion of mutation]
100001 | Zot:2    | Gained mutation: Your flesh is cold resistant. (rC+)
                  | [potion of mutation]
101193 | Lair:5   | Killed ntrailstourney's ghost
101263 | Lair:5   | Identified the +0 hat "Heana" {*Corrode rF+ Will+ Dex+4}
101701 | Zot:3    | Noticed Parghit
101895 | Zot:3    | Reached skill level 15 in Shields
102469 | Zot:3    | Killed Parghit
102470 | Zot:3    | Reached skill level 18 in Spellcasting
102637 | Zot:3    | Noticed Vv
102880 | Zot:3    | Killed Vv
103557 | Zot:3    | Reached skill level 19 in Spellcasting
104765 | Zot:4    | Noticed a Killer Klown
104809 | Zot:4    | Killed a Killer Klown
104922 | Zot:5    | Entered Level 5 of the Realm of Zot
104922 | Zot:5    | Noticed an orb of fire
104932 | Zot:5    | Killed an orb of fire
105327 | Zot:5    | Reached skill level 20 in Spellcasting
106059 | Zot:5    | Reached XP level 25. HP: 221/223 MP: 46/52
106220 | Zot:5    | Noticed a dread lich
106231 | Zot:5    | Noticed a Killer Klown
106239 | Zot:5    | Noticed a Killer Klown
106243 | Zot:5    | Killed a Killer Klown
106252 | Zot:5    | Noticed an orb of fire
106258 | Zot:5    | Killed a Killer Klown
106258 | Zot:5    | Killed an orb of fire
106259 | Zot:5    | Reached skill level 21 in Spellcasting
106262 | Zot:5    | Killed a dread lich
106302 | Zot:5    | Noticed a Killer Klown
106304 | Zot:5    | Noticed a Killer Klown
106310 | Zot:5    | Noticed a Killer Klown
106312 | Zot:5    | Killed a Killer Klown
106315 | Zot:5    | Killed an ancient lich
106316 | Zot:5    | Killed a Killer Klown
106319 | Zot:5    | Killed a Killer Klown
106714 | Zot:5    | Got the Orb of Zot
107002 | Depths:4 | Reached skill level 22 in Spellcasting
107125 | D:14     | Noticed Iphourradih the pandemonium lord
107269 | D:3      | Noticed Wag Kob the pandemonium lord
107270 | D:3      | Noticed an ancient lich
107270 | D:3      | Noticed an ancient lich
107318 | D:$      | Escaped with the Orb!

Illustrated notes

Levels and vault maps discovered:
D:1:      dpeg_arrival_arbitrary_c, layout_basic
D:2:      layout_basic, ebering_ecumenical_altar_webs, uniq_natasha
D:3:      layout_rooms, nicolae_wu_jian_wuxing_cycle
D:4:      layout_basic, nicolae_dithmenos_the_darkroom,
          yredelemnul_altar_generic, wad_orctagon, uniq_grinder
D:5:      layout_basic, nicolae_gozag_cash_rules_everything_around_me,
          minmay_temple_entry_slanted
D:6:      layout_rooms, nicolae_tso_besieged_by_evil, nicolae_uskayaw_suspiria,
          nicolae_elyvilon_temple_path, nicolae_zig_zag_zippers
D:7:      layout_rooms, nicolae_ashenzari_panopticon, nicolae_ru_path_of_blood,
          hangedman_feature_mirror
D:8:      layout_rooms, nicolae_qazlal_eye_of_the_storm, dk_xom_monty_hall,
          eino_tiny_chamber
D:9:      layout_small_grid, chequers_temple_overflow_minitemple,
          general_overflow_altar, kennysheep_orc_monster_closet_entryway,
          serial_shops, shop
D:10:     layout_cave_pools, erik_lair_orcish_takeover,
          small_statue_intersection, minmay_guarded_unrand_vampires_tooth
D:11:     layout_loops_ring, uniq_harold
D:12:     layout_rooms
D:13:     layout_irregular_city, erik_vaults_2, minmay_radiant
D:14:     layout_roguey, zin_angel
D:15:     grunt_enter_depths_snipers, layout_stronghold, old_standard_altar
Temple:   nicolae_temple_superstar
Lair:1:   layout_layer_cave, portal_ice_cave_entry_imps
Lair:2:   layout_cave_pods, minmay_snake_entry_guardpost_small,
          dreamdust_gnoll_shepherd, grunt_megastairs_1, uniq_urug
Lair:3:   wad_woods_minihive, layout_cave_pods,
          minmay_shoals_entry_lonely_mermaid, dpeg_oklob_1, uniq_gastronok
Lair:4:   layout_cave_shapes, evilmike_ambush [evilmike_ambush_outer_doors,
          evilmike_ambush_inner_basic], serial_bayou_shore_a,
          serial_bayou_shore_b, uniq_nessos
Lair:5:   evilmike_catoblepas_cave, layout_gridlike,
          minmay_slime_entry_jelly_boxes, gammafunk_ghost_berserking_beasts,
          serial_bayou, serial_bayou_pond_d, serial_bayou_pond_c,
          serial_bayou_crossing, serial_bayou_ford_a, hibernation_bobbens,
          infiniplex_staircase_pool, uniq_snorg
Shoals:1: layout_shoals, nicolae_shoals_aquamancer_cove
Shoals:2: layout_shoals, nicolae_shop_gadgets, uniq_ilsuiw
Shoals:3: layout_shoals, nicolae_shop_self_help
Shoals:4: shoals_end_simple, layout_shoals
Snake:1:  layout_cave_pods, basic_altar, minmay_shop_enchanted_jewellery,
          uniq_roxanne
Snake:2:  minmay_snake_river, layout_misc_corridors, serial_shops,
          nicolae_shop_gibbet_a_chance
Snake:3:  layout_chambers, grunt_megastairs_5, serial_bayou_shore_b,
          minmay_shoptagon
Snake:4:  grunt_snake_rune_pools, layout_cave_town, serial_shops, shop
Slime:1:  layout_caves
Slime:2:  layout_caves
Slime:3:  layout_caves, nicolae_slime_welcoming_committee
Slime:4:  layout_caves
Slime:5:  slime_pit_nicolae_inversion
Orc:1:    layout_caves, nicolae_volcano_entry_vermiform, serial_shops,
          nicolae_shop_rolled_up, minmay_orc_temple_a
Orc:2:    kennysheep_orc_mage_school, layout_caves, serial_shops,
          nicolae_shop_peninsula
Elf:1:    nicolae_elf_arrival_aired_out, layout_gridlike,
          kennysheep_underground_church, lemuel_upstairs_altar, uniq_kirke,
          uniq_aizul
Elf:2:    elven_hall_of_blades_hangedman_original
          [nicolae_vaults_blade_armed_guards], layout_loops_corners,
          special_room [special_room_mythical_zoo], st_stairs_14
Elf:3:    elf_hall_gauntlet_wide, layout_loops_ring, gammafunk_ghost_split
Vaults:1: gammafunk_ghost_necromancy, nicolae_vaults_tetromino_Z_2,
          nicolae_vaults_layer_cake_slice, nicolae_vaults_sightless_eye,
          nicolae_vaults_security_offices_5, minmay_orc_keep,
          vaults_room_octagon, nicolae_vaults_stepped_doors,
          layout_vaults_chaotic_city, serial_shops, nicolae_shop_peninsula,
          nicolae_trove_entry_columns
Vaults:2: minmay_crypt_entry_skeletal_spiral, ontoclasm_vaults_shout,
          nicolae_vaults_ninety_degrees, v_misc_19, nicolae_vaults_wine_cellar,
          grunt_vaults_bifocal, ontoclasm_vaults_twist,
          hangedman_vaults_restitches, v_misc_4, nicolae_vaults_trapezoid_2,
          nicolae_vaults_surprise_closet, v_misc_3,
          nicolae_vaults_specimen_jars, nicolae_vaults_layer_cake_slice,
          layout_vaults_ring, serial_shops, shop_fountains
Vaults:3: vaults_room_grid, v_misc_9, vaults_dpeg_spiral,
          nicolae_vaults_closet_pinwheel_1, nicolae_vaults_tetromino_L_1,
          nicolae_vaults_storage_closets_1, vaults_mumra_hexcomb,
          ontoclasm_vaults_loading_screen, nicolae_vaults_trapezoid_3,
          nicolae_vaults_sesquioval_fish, nicolae_vaults_an_arrangement,
          layout_vaults_omnigrid, serial_shops, nicolae_shop_stone, uniq_sojobo
Vaults:4: nicolae_vaults_little_squares_1, nicolae_vaults_border_crossing,
          v_misc_26, nicolae_vaults_trapezoid_lopsided_1, vaults_dpeg_hooks,
          nicolae_vaults_diagonal_hallway_8, hangedman_vaults_snaps,
          vaults_room_corners, grunt_vaults_focal,
          nicolae_vaults_library_corner, nicolae_vaults_three_branches,
          layout_vaults_omnicross, serial_shops, shop, uniq_boris
Vaults:5
Depths:1: layout_big_octagon, enter_ziggurat_f, kennysheep_cross_landing,
          hellmouth_1, st_stairs_14, serial_library_hellmonk_semicircle,
          drop_trap, hex_tiny, dk_noncrumbling_4, minivault_12
Depths:2: grunt_bruiser_brothers, layout_cave_shapes, hangedman_geh_valley,
          abyss_entry_crystal, serial_rivers, chequers_serial_rivers_micro_d,
          chequers_serial_rivers_small_b, chequers_serial_rivers_micro_e,
          chequers_serial_rivers_marsh, chequers_serial_rivers_micro_a,
          chequers_serial_rivers_micro_e, rand_demon_pan_entry_5,
          serial_sigils_hangedman_gnaw
Depths:3: cheibrodos_hall_of_evolution, layout_cave_shapes, mu_enter_wizlab_6,
          abyss_entry, hangedman_decor_diamond_cutter, pf_hell_entry_tar_spiral,
          grunt_ministairs_1, uniq_enchantress
Depths:4: evilmike_zot_entry_hall, layout_cave_pools, skrybe_limestone_x,
          grunt_mini_vestibule, hangedman_abyss_entry_splay,
          minmay_misc_feat_chi
Zot:1:    layout_concentric_octagons, st_small_dragon_hoard_3, zot_minivault_1
Zot:2:    layout_basic
Zot:3:    layout_misc_corridors, uniq_parghit, uniq_vv
Zot:4:    gammafunk_sealed_library, layout_gridlike, grunt_megastairs_2
Zot:5:    layout_gridville

Skill      XL: |  1  2  3  4  5  6  7  8  9 10 11 12 13 14 15 16 17 18 19 20 21 22 23 24 25 |
---------------+----------------------------------------------------------------------------+-----
Fighting       | 1 3 4 7 9 10 12 14 19 | 19.0
Stealth        | 2 3 |  3.0
Evocations     | 2 3 4 6 7 9 10 11 12 | 12.0
Air Magic      | 1 |  1.2
Spellcasting   | 3 4 5 7 9 10 11 12 14 15 16 17 20 22 | 22.1
Alchemy        | 5 6 7 |  7.0
Fire Magic     | 1 4 8 |  8.0
Invocations    | 3 5 8 10 11 12 | 12.0
Short Blades   | 2 6 7 8 |  8.0
Dodging        | 5 6 8 10 14 16 | 16.2
Conjurations   | 8 9 10 11 13 | 13.0
Summonings     | 7 11 13 16 19 20 21 | 21.0
Shields        | 5 10 14 15 | 15.0
Translocations | 4 6 8 |  8.0
Earth Magic    | 6 |  6.0

Action                     |  1- 3 |  4- 6 |  7- 9 | 10-12 | 13-15 | 16-18 | 19-21 | 22-24 | 25-27 || total
---------------------------+-------+-------+-------+-------+-------+-------+-------+-------+-------++-------
  Melee: Dagger            |     1 |       |    73 |    31 |       |       |       |       |       ||   105
         Staff             |     1 |    16 |     9 |       |    10 |    32 |    11 |    37 |     6 ||   122
         Tailslap          |       |     4 |    12 |    31 |   115 |    47 |   230 |    99 |     2 ||   540
         Punch             |       |     1 |     1 |     1 |     8 |     1 |       |       |       ||    12
         Quick blade       |       |       |       |   170 |   504 |   244 |   863 |   321 |     5 ||  2107
         Flail             |       |       |       |       |       |       |       |    23 |       ||    23
  Throw: Dart              |       |     6 |     8 |    11 |     8 |     3 |     1 |       |       ||    37
         Throwing net      |       |       |       |       |     1 |       |       |     3 |       ||     4
   Cast: Sting             |    33 |    60 |    19 |       |       |       |       |       |       ||   112
         Mercury Vapours   |     9 |    16 |    10 |       |       |       |       |       |       ||    35
         Olgreb's Toxic Ra |       |       |    81 |   205 |   335 |   229 |    38 |       |       ||   888
         Sticky Flame      |       |       |     4 |    60 |    69 |     1 |       |       |       ||   134
         Mephitic Cloud    |       |       |     1 |     2 |     7 |     7 |       |       |       ||    17
         Fireball          |       |       |       |       |   104 |   367 |   132 |       |       ||   603
         Ignite Poison     |       |       |       |       |    26 |    90 |    20 |       |       ||   136
         Irradiate         |       |       |       |       |     9 |   121 |    41 |    22 |     2 ||   195
         Summon Cactus Gia |       |       |       |       |       |    24 |    92 |     9 |       ||   125
         Monstrous Menager |       |       |       |       |       |       |    79 |    17 |     2 ||    98
         Spellforged Servi |       |       |       |       |       |       |    52 |   115 |     7 ||   174
         Summon Horrible T |       |       |       |       |       |       |    38 |   178 |    29 ||   245
         Bombard           |       |       |       |       |       |       |     4 |    26 |     8 ||    38
         Malign Gateway    |       |       |       |       |       |       |     3 |    40 |     5 ||    48
         Apportation       |       |       |       |       |       |       |       |     1 |       ||     1
 Invoke: Wall of Briars    |       |       |       |     4 |     6 |     2 |     7 |     5 |     1 ||    25
         Overgrow          |       |       |       |       |     7 |     7 |     5 |     5 |       ||    24
         Grow Oklob        |       |       |       |       |     5 |       |     5 |     3 |     5 ||    18
Ability: Breathe Lightning |       |       |    12 |     6 |     6 |     1 |       |       |       ||    25
  Evoke: Wand              |     1 |     5 |     3 |    14 |    44 |    14 |    20 |    14 |     1 ||   116
         Phantom mirror    |       |       |       |       |       |     1 |     2 |     1 |       ||     4
         Sack of spiders   |       |       |       |       |       |       |     5 |     4 |       ||     9
         Phial of floods   |       |       |       |       |       |       |     2 |     1 |       ||     3
    Use: Potion            |     1 |     2 |     1 |     5 |     1 |     2 |     5 |     9 |    11 ||    37
         Scroll            |       |     5 |     7 |     8 |    21 |     5 |    16 |    19 |    12 ||    93
   Stab: Sleeping          |       |       |     1 |     1 |     4 |     3 |     2 |     1 |       ||    12
         Paralysed         |       |       |       |     4 |    12 |       |       |       |       ||    16
         Distracted        |       |       |       |       |       |       |     7 |     4 |     1 ||    12
 Armour: Skin              |     4 |    50 |   111 |   187 |   385 |   448 |   601 |   424 |    30 ||  2240
  Dodge: Dodged            |     8 |    57 |    99 |   106 |   256 |   257 |   280 |   227 |    19 ||  1309
  Block: Kite shield       |       |       |       |       |       |    83 |   351 |   231 |    21 ||   686
